 Dungeon Crawl Stone Soup version 0.29-a0-1052-g6990b1bffc (webtiles) character file.

Game seed: 8609780005697586535

129 SensoryNuts the Trooper (level 5, -3/55 HPs)
             Began as an Ogre Fighter on Aug 17, 2022.
             Slain by a gnoll
             ... wielding a +0 spear
             ... led by a gnoll bouda
              (7 damage)
             ... on level 3 of the Dungeon.
             The game lasted 00:04:04 (2162 turns).

SensoryNuts the Trooper (Ogre Fighter)              Turns: 2162, Time: 00:04:05

Health: -3/55      AC:  3    Str: 22    XL:     5   Next: 12%
Magic:  5/5        EV:  8    Int:  9    God:
Gold:   169        SH:  7    Dex:  8    Spells: 4/4 levels left

rFire   . . .      SeeInvis .   e - +7 trident (flame)
rCold   . . .      Faith    .   c - +0 kite shield
rNeg    . . .      Spirit   .   b - +0 robe
rPois   .          Reflect  .   (helmet restricted)
rElec   .          Harm     .   (no cloak)
rCorr   .          Rampage  .   (gloves unavailable)
Will    .....      Rnd*Tele +   (boots unavailable)
Stlth   +.........              (no amulet)
HPRegen 0.18/turn               (no ring)
MPRegen 0.09/turn               (no ring)

@: mighty
A: large, unfitting armour, tough skin 1, antennae 1, teleportitis 1
a: no special abilities


You were on level 3 of the Dungeon.
You visited 1 branch of the dungeon, and saw 3 of its levels.

You collected 169 gold pieces.

Inventory:

Hand Weapons
 a - a +0 trident
 e - a +7 trident of flaming (weapon)
Armour
 b - a +0 robe (worn)
 c - a +0 kite shield (worn)
Scrolls
 f - a scroll of enchant armour {unknown}
Potions
 d - a potion of might
 g - 2 potions of flight
 h - a potion of cancellation


   Skills:
 + Level 4.6 Fighting
 + Level 3.8 Polearms
 + Level 3.3 Dodging
 + Level 0.2 Stealth
 + Level 3.4 Shields


You had 4 spell levels left.
You didn't know any spells.
Your spell library contained the following spells:

 Spells                   Type           Power      Damage    Failure   Level
 Slow                     Hex            0%         N/A       67%         1
 Confusing Touch          Hex            0%         N/A       96%         3
 Vampiric Draining        Necr           0%         2d6       96%         3


Dungeon Overview and Level Annotations

Branches:
Dungeon (3/15)

Altars:
Dithmenos
Qazlal


Innate Abilities, Weirdness & Mutations

You are too large for most types of armour.
You have tough skin. (AC +1)
You have a pair of small antennae on your head.
You are occasionally teleported next to monsters.


Message History

A gnoll comes into view. It is wielding a +0 whip.
The gnoll shouts!
You see here a +0 flail.
You reach to attack!
You closely miss the gnoll bouda.
The gnoll bouda barks out a call to the hunt!
A gnoll comes into view. It is wielding a +0 spear.
The gnoll bouda gazes fiercely through you!
You feel as though you will be weak longer.
The gnoll shouts!
You puncture the gnoll bouda! You burn the gnoll bouda.
The gnoll bouda is heavily wounded.
You block the gnoll bouda's attack.
You hit the gnoll bouda. You burn the gnoll bouda.
The gnoll bouda is almost dead.
You block the gnoll's attack.
You barely miss the gnoll bouda.
The gnoll bouda is almost dead.
The gnoll bouda prays to its god.
The gnoll bouda is healed somewhat.
You block the gnoll's attack. x2
The gnoll bouda hits you with a +1 hand axe of electrocution!
You are electrocuted!
You puncture the gnoll bouda! You burn the gnoll bouda.
You kill the gnoll bouda!
You block the gnoll's attack. The gnoll hits you with a +0 whip.
The gnoll hits you from afar with a +0 spear.
The gnoll hits you with a +0 whip.
* * * LOW HITPOINT WARNING * * *
You have reached level 5!
You are too injured to fight recklessly!
You feel very mighty all of a sudden.
Your attacks no longer feel as feeble.
The gnoll hits you from afar with a +0 spear.
* * * LOW HITPOINT WARNING * * *
You block the gnoll's attack.
You impale the gnoll!! You burn the gnoll.
You kill the gnoll!
You block the gnoll's attack. The gnoll hits you with a +0 spear!
* * * LOW HITPOINT WARNING * * *
You closely miss the gnoll. The gnoll hits you with a +0 spear!
You die...

....#####..#.##..♣
...........#.# .#
...........#.# #
#.......)..#.#
#.......)..#.#
#..........#.#
#..........#.#
######))####
......)@.#
#######g...#
#....# #.!....
#....#.# #....#..#
#.#### .. ...


You could see a gnoll (swift).

Vanquished Creatures
  A gnoll bouda (D:3)
  3 adders
  2 gnolls (D:3)
  2 worms
  3 orcs (D:3)
  2 giant cockroaches (D:2)
  3 goblins
  4 hobgoblins
  4 jackals (D:2)
  A quokka (D:2)
  6 ball pythons
  5 bats
  3 frilled lizards
  4 kobolds
  6 rats
49 creatures vanquished.

Notes
Turn   | Place    | Note
-------+----------+-------------------------------------------
     0 | D:1      | SensoryNuts the Ogre Fighter began the quest for the Orb.
     0 | D:1      | Reached XP level 1. HP: 24/24 MP: 1/1
   355 | D:1      | Reached XP level 2. HP: 24/32 MP: 2/2
  1033 | D:2      | Reached XP level 3. HP: 24/40 MP: 3/3
  1835 | D:2      | Gained mutation: You are occasionally teleported next to
                  | monsters. [potion of mutation]
  1835 | D:2      | Gained mutation: You have a pair of small antennae on your
                  | head. [potion of mutation]
  1874 | D:3      | Reached XP level 4. HP: 23/49 MP: 4/4
  1961 | D:3      | Found a stormy altar of Qazlal.
  2105 | D:3      | Found a shadowy altar of Dithmenos.
  2159 | D:3      | Reached XP level 5. HP: 15/55 MP: 5/5
  2162 | D:3      | Slain by a gnoll

Illustrated notes

Levels and vault maps discovered:
D:1:      minmay_arrival_shattered_statue, layout_basic, serial_bayou,
          serial_bayou_pond_c, serial_bayou_lagoon_b, serial_bayou_pond_d,
          serial_bayou_shore_a
D:2:      layout_loops_ring
D:3:      layout_basic, mainiacjoe_overflow_tiny_flanked,
          nicolae_dithmenos_through_a_glass_darkly,
          worldfamousw_hep_ancestral_shrine,
          shapermc_ecumenical_altar_totnotflames, gup_sewer_entry_glass,
          minmay_checkerbox

Skill      XL: |  1  2  3  4 |
---------------+-------------+-----
Dodging        | 3 |  3.3
Polearms       | 3 |  3.8
Fighting       | |  4.6
Stealth        | |  0.2
Shields        | |  3.4

Action                   |  1- 3 |  4- 6 || total
-------------------------+-------+-------++-------
Melee: Trident           |   125 |    24 ||   149
  Use: Potion            |     5 |     1 ||     6
       Scroll            |     5 |       ||     5
Armor: Robe              |    32 |     2 ||    34
Dodge: Dodged            |    41 |     5 ||    46
Block: Kite shield       |    45 |    15 ||    60

Table legend: (Time is in decaauts)
 A = Elapsed time spent in this place.
 B = Non-inter-level travel time spent in this place.
 C = Inter-level travel time spent in this place.
 D = Time resting spent in this place.
 E = Time spent auto-exploring this place.
 F = Levels seen in this place.
 G = Mean time per level.
                   A        B        C        D        E       F      G
               +--------+--------+--------+--------+--------+-----+--------+
         Total |   2215 |   2203 |     12 |      0 |   1837 |   3 |  738.3 |
       Dungeon |   2215 |   2203 |     12 |      0 |   1837 |   3 |  738.3 |
               +--------+--------+--------+--------+--------+-----+--------+

Top non-repeatable levels by time:
     D:1: 1011 daAuts
     D:2: 889 daAuts
     D:3: 314 daAuts
